IL
OMAHA STORM CHASERS @ FRESNO GRIZZLIES
04/30/2047
 
TOP OF THE 1ST
Omaha Storm Chasers batting - Pitching for Fresno Grizzlies : RHP Manny Bonilla
Pitching: RHP Manny Bonilla
Batting: RHB Matt Belgard 0-0: Ball
1-0: Swinging Strike
1-1: Ball
2-1: Ball
3-1: Foul Ball, location: 2F
3-2: Strikes out swinging
Batting: LHB Justin Rupert 0-0: Ball
1-0: Swinging Strike
1-1: Ball
2-1: Called Strike
2-2: Ball
3-2: Ground out 5-3 (Groundball, 56, EV 83.1 MPH)
Batting: LHB Robby Diaz 0-0: Called Strike
0-1: Called Strike
0-2: Ground out 4-3 (Groundball, 4, EV 111.2 MPH)
Top of the 1st over - 0 runs, 0 hits, 0 errors, 0 left on base; Omaha 0 - Fresno 0
BOTTOM OF THE 1ST
Fresno Grizzlies batting - Pitching for Omaha Storm Chasers : RHP Dennis Holifield
Pitching: RHP Dennis Holifield
Batting: RHB Ben Hoffman 0-0: Ball
1-0: Ball
2-0: Called Strike
2-1: Called Strike
2-2: Ball
3-2: Foul Ball, location: 2F
3-2: SINGLE (Groundball, 56S, EV 75.0 MPH) (infield hit)
Batting: RHB Sam Spohn 0-0: Foul Ball, location: 2F
0-1: Ball
1-1: Ball
Ben Hoffman is caught stealing 2nd base 2-4
2-1: Foul Ball, location: 2F
2-2: Ball
3-2: Strikes out swinging
Batting: RHB Elijah Hunter 0-0: Called Strike
0-1: Hit by Pitch
Batting: RHB Bill Cabrera 0-0: Called Strike
0-1: Called Strike
0-2: Ball
1-2: Ball
Wild Pitch!
Elijah Hunter to second
2-2: Foul Ball, location: 2F
2-2: Strikes out swinging
Bottom of the 1st over - 0 runs, 1 hit, 0 errors, 1 left on base; Omaha 0 - Fresno 0
TOP OF THE 2ND
Omaha Storm Chasers batting - Pitching for Fresno Grizzlies : RHP Manny Bonilla
Batting: LHB Pete Hansel 0-0: Swinging Strike
0-1: Foul Ball, location: 2F
0-2: Ball
1-2: Foul Ball, location: 2F
1-2: Ground out 4-3 (Groundball, 34D, EV 108.1 MPH)
Batting: LHB Manny Estrada 0-0: Ball
1-0: Foul Ball, location: 2F
1-1: Called Strike
1-2: Ball
2-2: Ball
3-2: Foul Ball, location: 2F
3-2: Foul Ball, location: 2F
3-2: Strikes out swinging
Batting: RHB Eric Sandell 0-0: Swinging Strike
0-1: Ball
1-1: Swinging Strike
1-2: Strikes out swinging
Top of the 2nd over - 0 runs, 0 hits, 0 errors, 0 left on base; Omaha 0 - Fresno 0
BOTTOM OF THE 2ND
Fresno Grizzlies batting - Pitching for Omaha Storm Chasers : RHP Dennis Holifield
Batting: SHB Paskar Adegoke 0-0: Called Strike
0-1: Foul Ball, location: 2F
0-2: Ground out 4-3 (Groundball, 4, EV 93.8 MPH)
Batting: RHB Raul Sanchez 0-0: Called Strike
0-1: Ball
1-1: Ball
2-1: Foul Ball, location: 2F
2-2: Ball
3-2: Foul Ball, location: 2F
3-2: Base on Balls
Batting: LHB Chris Cabrera 0-0: Ball
1-0: Foul Ball, location: 2F
1-1: Ball
2-1: Ball
3-1: Base on Balls
Raul Sanchez to second
Batting: RHB Nick Deegan 0-0: Called Strike
0-1: Fielders Choice at 2nd, 6-4 (Groundball, 6, EV 81.2 MPH)
Raul Sanchez to third
Batting: RHB Masaru Konno 0-0: Foul Ball, location: 2F
0-1: Ball
1-1: SINGLE (Groundball, 5S, EV 68.8 MPH) (infield hit)
Raul Sanchez scores
Nick Deegan to second
Batting: RHB Ben Hoffman 0-0: Called Strike
0-1: Foul Ball, location: 2F
0-2: Foul Ball, location: 2F
0-2: Ball
1-2: Ball
2-2: Ball
3-2: Strikes out swinging
Bottom of the 2nd over - 1 run, 1 hit, 0 errors, 2 left on base; Omaha 0 - Fresno 1
TOP OF THE 3RD
Omaha Storm Chasers batting - Pitching for Fresno Grizzlies : RHP Manny Bonilla
Batting: RHB Walt Cogswell 0-0: Ball
1-0: Foul Ball, location: 2F
1-1: Foul Ball, location: 2F
1-2: Ball
2-2: Foul Ball, location: 2F
2-2: Ball
3-2: Ground out 2-3 (Groundball, 13S, EV 71.9 MPH)
Batting: RHB Aaron Matthews 0-0: Ball
1-0: Ball
2-0: Called Strike
2-1: Ball
3-1: Base on Balls
Batting: RHB Yuichi Takata 0-0: Ball
1-0: Foul Ball, location: 2F
1-1: Ball
2-1: Ball
Aaron Matthews steals 2nd base (no throw)
3-1: Called Strike
3-2: Foul Ball, location: 2F
3-2: Base on Balls
Batting: RHB Matt Belgard 0-0: Ball
1-0: Ball
2-0: Ball
3-0: Called Strike
3-1: Fly out, F7 (Flyball, 7, EV 95.0 MPH)
Batting: LHB Justin Rupert 0-0: Called Strike
0-1: Swinging Strike
0-2: Foul Ball, location: 2F
0-2: Ball
1-2: Ball
2-2: Foul Ball, location: 2F
2-2: Strikes out swinging
Top of the 3rd over - 0 runs, 0 hits, 0 errors, 2 left on base; Omaha 0 - Fresno 1
BOTTOM OF THE 3RD
Fresno Grizzlies batting - Pitching for Omaha Storm Chasers : RHP Dennis Holifield
Batting: RHB Sam Spohn 0-0: Called Strike
0-1: Called Strike
0-2: Ball
1-2: Ball
2-2: Ball
3-2: Foul Ball, location: 2F
3-2: DOUBLE (Line Drive, 5D, EV 95.0 MPH)
Batting: RHB Elijah Hunter 0-0: Called Strike
0-1: Ball
1-1: Foul Ball, location: 2F
1-2: SINGLE (Groundball, 5S, EV 67.5 MPH) (infield hit)
Sam Spohn to third
Batting: RHB Bill Cabrera 0-0: Ball
1-0: SINGLE (Line Drive, 89S, EV 103.1 MPH)
Sam Spohn scores
Elijah Hunter to second
Batting: SHB Paskar Adegoke 0-0: Ball
1-0: Ball
2-0: Ball
3-0: Foul Ball, location: 2F
3-1: Base on Balls
Elijah Hunter to third
Bill Cabrera to second
Batting: RHB Raul Sanchez 0-0: Ball
1-0: Called Strike
1-1: Called Strike
1-2: Strikes out swinging
Batting: LHB Chris Cabrera 0-0: Ground out 4-3 (Groundball, 4MD, EV 79.4 MPH)
Elijah Hunter scores
Bill Cabrera to third
Paskar Adegoke to second
Batting: RHB Nick Deegan 0-0: Called Strike
0-1: Fly out, F9 (Line Drive, 9, EV 90.6 MPH)
Bottom of the 3rd over - 2 runs, 3 hits, 0 errors, 2 left on base; Omaha 0 - Fresno 3
TOP OF THE 4TH
Omaha Storm Chasers batting - Pitching for Fresno Grizzlies : RHP Manny Bonilla
Batting: LHB Robby Diaz 0-0: Called Strike
0-1: Ball
1-1: Fly out, F6 (Line Drive, 6M, EV 66.2 MPH)
Batting: LHB Pete Hansel 0-0: Called Strike
0-1: SINGLE (Line Drive, 9S, EV 110.0 MPH)
Batting: LHB Manny Estrada 0-0: Foul Ball, location: 2F
0-1: Ball
1-1: Foul Ball, location: 2F
1-2: Ball
2-2: Ball
3-2: Base on Balls
Pete Hansel to second
Pitching: LHP Mike Cobb
Batting: RHB Eric Sandell 0-0: Ball
1-0: Ball
2-0: Ball
3-0: Base on Balls
Pete Hansel to third
Manny Estrada to second
Batting: RHB Walt Cogswell 0-0: Called Strike
0-1: Foul Ball, location: 2F
0-2: Strikes out swinging
Batting: RHB Aaron Matthews 0-0: Swinging Strike
0-1: Ball
1-1: Ball
Wild Pitch!
Pete Hansel scores
Manny Estrada to third
Eric Sandell to second
2-1: Foul Ball, location: 2F
2-2: Ball
3-2: Foul Ball, location: 2F
3-2: Base on Balls
Batting: RHB Yuichi Takata 0-0: Swinging Strike
0-1: Ball
1-1: Swinging Strike
1-2: Strikes out looking
Top of the 4th over - 1 run, 1 hit, 0 errors, 3 left on base; Omaha 1 - Fresno 3
BOTTOM OF THE 4TH
Fresno Grizzlies batting - Pitching for Omaha Storm Chasers : RHP Dennis Holifield
Batting: RHB Masaru Konno 0-0: Ball
1-0: Ball
2-0: Fly out, F8 (Flyball, 89M, EV 90.0 MPH)
Batting: RHB Ben Hoffman 0-0: Ball
1-0: Called Strike
1-1: Ball
2-1: Ground out 6-3 (Groundball, 6S, EV 82.5 MPH)
Batting: RHB Sam Spohn 0-0: Called Strike
0-1: Hit by Pitch
Batting: RHB Elijah Hunter 0-0: Ball
1-0: Fielders Choice at 2nd, 6-4 (Groundball, 6, EV 84.4 MPH)
Bottom of the 4th over - 0 runs, 0 hits, 0 errors, 1 left on base; Omaha 1 - Fresno 3
TOP OF THE 5TH
Omaha Storm Chasers batting - Pitching for Fresno Grizzlies : LHP Mike Cobb
Batting: RHB Matt Belgard 0-0: Ball
1-0: Called Strike
1-1: Swinging Strike
1-2: Ball
2-2: Ball
3-2: Foul Ball, location: 2F
3-2: SOLO HOME RUN (Flyball, 89XD, EV 98.8 MPH), Distance : 392 ft
Batting: LHB Justin Rupert 0-0: Ball
1-0: Foul Ball, location: 2F
1-1: Ball
2-1: Called Strike
2-2: Ball
3-2: SINGLE (Groundball, 34S, EV 69.4 MPH) (infield hit)
Batting: LHB Robby Diaz 0-0: Ball
1-0: Swinging Strike
1-1: Swinging Strike
1-2: Ball
2-2: Strikes out looking
Batting: LHB Pete Hansel 0-0: Ball
1-0: Ball
2-0: Ball
3-0: Base on Balls
Justin Rupert to second
Pinch Hitting: RHB Alex Cid 0-0: Ball
1-0: SINGLE (Flyball, 6D, EV 91.2 MPH)
Justin Rupert to third
Pete Hansel to second
Batting: RHB Eric Sandell 0-0: Swinging Strike
0-1: Swinging Strike
0-2: Strikes out looking
Batting: RHB Walt Cogswell 0-0: Swinging Strike
0-1: Ball
1-1: Foul Ball, location: 2F
1-2: GRAND SLAM HOME RUN (Flyball, 7D, EV 98.1 MPH), Distance : 366 ft
Pitching: RHP Alexander Hagan
Batting: RHB Aaron Matthews 0-0: Called Strike
0-1: SINGLE (Line Drive, 3D, EV 103.1 MPH)
Batting: RHB Yuichi Takata 0-0: Called Strike
0-1: Foul Ball, location: 2F
0-2: Foul Ball, location: 2F
0-2: DOUBLE (Line Drive, 78D, EV 101.2 MPH)
Aaron Matthews to third
Runner from 3rd tries for Home, SAFE, no throw by LF
Batting: RHB Matt Belgard 0-0: Swinging Strike
0-1: Foul Ball, location: 2F
0-2: Foul Ball, location: 2F
0-2: Ground out U3 (Groundball, 34S, EV 83.1 MPH)
Top of the 5th over - 6 runs, 6 hits, 0 errors, 1 left on base; Omaha 7 - Fresno 3
BOTTOM OF THE 5TH
Fresno Grizzlies batting - Pitching for Omaha Storm Chasers : RHP Dennis Holifield
Now at 1B: John Paredes
Batting: RHB Bill Cabrera 0-0: Called Strike
0-1: Ball
1-1: Ball
2-1: Ball
3-1: Base on Balls
Batting: SHB Paskar Adegoke 0-0: Called Strike
0-1: Foul Ball, location: 2F
0-2: Ball
1-2: Ball
2-2: Strikes out swinging
Batting: RHB Raul Sanchez 0-0: Ball
1-0: SINGLE (Groundball, 34D, EV 102.5 MPH)
Bill Cabrera to second
Runner from 2nd tries for 3rd, SAFE, throw by RF made to third
Batting: LHB Chris Cabrera 0-0: Called Strike
0-1: Foul Ball, location: 2F
0-2: SINGLE (Groundball, 6M, EV 80.6 MPH) (infield hit)
Bill Cabrera scores
Raul Sanchez to second
Batting: RHB Nick Deegan 0-0: Called Strike
0-1: Ball
1-1: Grounds into double play, U6-3 (Groundball, 4M, EV 85.0 MPH)
Bottom of the 5th over - 1 run, 2 hits, 0 errors, 1 left on base; Omaha 7 - Fresno 4
TOP OF THE 6TH
Omaha Storm Chasers batting - Pitching for Fresno Grizzlies : RHP Alexander Hagan
Batting: LHB Justin Rupert 0-0: Ball
1-0: Ball
2-0: Swinging Strike
2-1: Foul Ball, location: 2F
2-2: Ball
3-2: Base on Balls
Batting: LHB Robby Diaz 0-0: Called Strike
0-1: Ball
1-1: Foul Ball, location: 2F
1-2: Ball
2-2: Foul Ball, location: 2F
2-2: Foul Ball, location: 2F
2-2: Strikes out looking
Batting: LHB Pete Hansel 0-0: Ball
1-0: Ball
2-0: Fly out, F8 (Flyball, 8LD, EV 76.2 MPH)
Batting: RHB John Paredes 0-0: Fly out, F9 (Flyball, 9S, EV 81.2 MPH)
Top of the 6th over - 0 runs, 0 hits, 0 errors, 1 left on base; Omaha 7 - Fresno 4
BOTTOM OF THE 6TH
Fresno Grizzlies batting - Pitching for Omaha Storm Chasers : RHP Dennis Holifield
Pitching: RHP Mike Tuck
Batting: RHB Masaru Konno 0-0: Called Strike
0-1: Swinging Strike
0-2: Ball
1-2: Strikes out swinging
Batting: RHB Ben Hoffman 0-0: Called Strike
0-1: Ball
1-1: Swinging Strike
1-2: Foul Ball, location: 2F
1-2: Ball
2-2: Strikes out swinging, 2-3 out at first.
Batting: RHB Sam Spohn 0-0: Ground out 6-3 (Groundball, 6, EV 89.4 MPH)
Bottom of the 6th over - 0 runs, 0 hits, 0 errors, 0 left on base; Omaha 7 - Fresno 4
TOP OF THE 7TH
Omaha Storm Chasers batting - Pitching for Fresno Grizzlies : RHP Alexander Hagan
Batting: RHB Eric Sandell 0-0: Fly out, F4 (Popup, 4MD, EV 56.2 MPH)
Batting: RHB Walt Cogswell 0-0: Ball
1-0: Ball
2-0: Ball
3-0: Called Strike
3-1: SINGLE (Line Drive, 6D, EV 100.6 MPH)
Batting: RHB Aaron Matthews 0-0: Ball
1-0: Swinging Strike
1-1: Foul Ball, location: 2F
1-2: Foul Ball, location: 2F
1-2: Foul Ball, location: 2F
1-2: Ball
2-2: Ball
3-2: Strikes out swinging
Walt Cogswell is caught stealing 2nd base 2-4
Batter strikes out.
Top of the 7th over - 0 runs, 1 hit, 0 errors, 0 left on base; Omaha 7 - Fresno 4
BOTTOM OF THE 7TH
Fresno Grizzlies batting - Pitching for Omaha Storm Chasers : RHP Mike Tuck
Batting: RHB Elijah Hunter 0-0: Swinging Strike
0-1: Foul Ball, location: 2F
0-2: Ball
1-2: SINGLE (Groundball, 5S, EV 64.4 MPH) (infield hit)
Batting: RHB Bill Cabrera 0-0: Foul Ball, location: 2F
0-1: Called Strike
0-2: Ball
1-2: Strikes out looking
Batting: SHB Paskar Adegoke 0-0: Ball
1-0: Called Strike
1-1: Foul Ball, location: 2F
1-2: Strikes out swinging
Elijah Hunter is caught stealing 2nd base 2-6
Batter strikes out.
Bottom of the 7th over - 0 runs, 1 hit, 0 errors, 0 left on base; Omaha 7 - Fresno 4
TOP OF THE 8TH
Omaha Storm Chasers batting - Pitching for Fresno Grizzlies : RHP Alexander Hagan
Pitching: RHP Gerardo Huerta
Batting: RHB Yuichi Takata 0-0: Ground out 4-3 (Groundball, 4, EV 90.0 MPH)
Batting: RHB Matt Belgard 0-0: Ball
1-0: Ball
2-0: Called Strike
2-1: Ball
3-1: Base on Balls
Batting: LHB Justin Rupert 0-0: Swinging Strike
0-1: Called Strike
Matt Belgard steals 2nd, throwing error, E2
Matt Belgard to third
0-2: Strikes out swinging
Batting: LHB Robby Diaz 0-0: Foul Ball, location: 2F
0-1: Called Strike
0-2: Ball
1-2: Foul Ball, location: 2F
1-2: Strikes out looking
Top of the 8th over - 0 runs, 0 hits, 1 error, 1 left on base; Omaha 7 - Fresno 4
BOTTOM OF THE 8TH
Fresno Grizzlies batting - Pitching for Omaha Storm Chasers : RHP Mike Tuck
Batting: RHB Raul Sanchez 0-0: Ground out 6-3 (Groundball, 6, EV 109.4 MPH)
Batting: LHB Chris Cabrera 0-0: Called Strike
0-1: Ball
1-1: Ball
2-1: Foul Ball, location: 2F
2-2: Foul Ball, location: 2F
2-2: Strikes out looking
Batting: RHB Nick Deegan 0-0: Ball
1-0: DOUBLE (Line Drive, 78M, EV 92.5 MPH)
Batting: RHB Masaru Konno 0-0: Ball
1-0: Ball
2-0: Foul Ball, location: 2F
2-1: Called Strike
2-2: Fly out, F7 (Flyball, 7LM, EV 106.2 MPH)
Bottom of the 8th over - 0 runs, 1 hit, 0 errors, 1 left on base; Omaha 7 - Fresno 4
TOP OF THE 9TH
Omaha Storm Chasers batting - Pitching for Fresno Grizzlies : RHP Gerardo Huerta
Batting: LHB Pete Hansel 0-0: SINGLE (Line Drive, 8LS, EV 105.0 MPH)
Batting: RHB John Paredes 0-0: Ball
Pete Hansel steals 2nd base
1-0: Ball
2-0: SINGLE (Groundball, 4MD, EV 98.1 MPH)
Pete Hansel to third
Runner from 3rd tries for Home, SAFE, throw by CF to home
Batting: RHB Eric Sandell 0-0: Foul Ball, location: 2F
0-1: Ball
1-1: Called Strike
1-2: Strikes out swinging
Batting: RHB Walt Cogswell 0-0: Called Strike
0-1: Ball
1-1: Ball
2-1: Swinging Strike
2-2: Strikes out swinging
Batting: RHB Aaron Matthews 0-0: Called Strike
0-1: Ball
1-1: Ground out 5-3 (Groundball, 56S, EV 76.9 MPH)
Top of the 9th over - 1 run, 2 hits, 0 errors, 1 left on base; Omaha 8 - Fresno 4
BOTTOM OF THE 9TH
Fresno Grizzlies batting - Pitching for Omaha Storm Chasers : RHP Mike Tuck
Pitching: RHP Sergio Quinones
Batting: RHB Ben Hoffman 0-0: Ground out 3-1 (Groundball, 34, EV 90.0 MPH)
Batting: RHB Sam Spohn 0-0: Ball
1-0: Foul Ball, location: 2F
1-1: Foul Ball, location: 2F
1-2: Strikes out looking
Batting: RHB Elijah Hunter 0-0: Ball
1-0: Ball
2-0: Ball
3-0: Called Strike
3-1: Foul Ball, location: 2F
3-2: Foul Ball, location: 2F
3-2: Strikes out swinging, 2-3 out at first.
Bottom of the 9th over - 0 runs, 0 hits, 0 errors, 0 left on base; Omaha 8 - Fresno 4
Thursday, December 15th , 2022 - OOTP Baseball 23.9 Build 102